 Dungeon Crawl Stone Soup version 0.23.0-33-g5e6c059 (webtiles) character file.

Game seed: 10531295878176718613

408 Lanoc the Ducker (level 6, -8/61 HPs)
             Began as a Troll Gladiator on Feb 26, 2019.
             Was an Initiate of Qazlal.
             Mangled by an iguana (9 damage)
             ... on level 4 of the Dungeon.
             The game lasted 00:02:44 (1821 turns).

Lanoc the Ducker (Troll Gladiator)                  Turns: 1821, Time: 00:02:44

Health: -8/61      AC:  7    Str: 23    XL:     6   Next: 57%
Magic:  5/5        EV: 12    Int:  4    God:    Qazlal [......]
Gold:   96         SH:  0    Dex: 13    Spells: 5/5 levels left

rFire    . . .     SeeInvis .   a - +0 war axe
rCold    . . .     Gourm    +   (no shield)
rNeg     . . .     Faith    .   p - +1 robe {MR+}
rPois    +         Spirit   .   c - +0 hat
rElec    .         Reflect  .   (no cloak)
rCorr    .         Harm     .   (gloves unavailable)
MR       +....                  (boots unavailable)
Stlth    ++........             (no amulet)
HPRegen  0.60/turn              e - ring of poison resistance (curse)
MPRegen  0.09/turn              (no ring)

@: no status effects
A: large, unfitting armour, claws 3, fast metabolism 3, gourmand, regeneration
1, shaggy fur 1, tough skin 3
a: Renounce Religion


You were on level 4 of the Dungeon.
You worshipped Qazlal.
Qazlal was noncommittal.
You were not hungry.

You visited 1 branch of the dungeon, and saw 4 of its levels.

You collected 96 gold pieces.

Inventory:

Hand Weapons
 a - a +0 war axe (weapon)
Missiles
 d - 3 throwing nets (quivered)
Armour
 c - a +0 hat (worn)
 p - a +1 robe of magic resistance (worn)
Jewellery
 e - a cursed ring of poison resistance (left claw)
Scrolls
 g - 2 scrolls of amnesia {unknown}
 i - 5 scrolls of teleportation {unknown}
 k - 4 scrolls of identify {unknown}
 l - a scroll of noise {unknown}
 o - a scroll of fear {unknown}
 q - a scroll of immolation {unknown}
Potions
 b - a potion of heal wounds {unknown}
 h - a potion of curing {unknown}
 j - 2 potions of flight {unknown}
 m - a potion of berserk rage {unknown}
 n - a potion of ambrosia {unknown}
 r - a potion of lignification {unknown}
Comestibles
 f - 7 rations


   Skills:
 + Level 3.5 Fighting
 - Level 2.4 Axes
 - Level 2.0 Throwing
 + Level 4.6 Dodging
 + Level 1.4 Stealth


You had 5 spell levels left.
You didn't know any spells.
Your spell library was empty.

Dungeon Overview and Level Annotations

Branches:
Dungeon (4/15)
 Temple: D:4-7

Altars:
Okawaru
Qazlal
Ru


Innate Abilities, Weirdness & Mutations

You are too large for most types of armour.
You have claws for hands.
Your metabolism is lightning-fast.
You like to eat raw meat.
Your natural rate of healing is unusually fast.
You are covered in fur. (AC +1)
You have extremely tough skin. (AC +3)


Message History

The iguana is moderately wounded.
The iguana bites you!
* * * LOW HITPOINT WARNING * * *
You hit the iguana.
The iguana is moderately wounded.
The iguana misses you. The iguana bites you.
* * * LOW HITPOINT WARNING * * *
You closely miss the iguana.
The iguana is moderately wounded.
The iguana barely misses you.
You closely miss the iguana.
The iguana is moderately wounded.
The iguana bites you.
* * * LOW HITPOINT WARNING * * *
You barely miss the iguana.
The iguana is moderately wounded.
The iguana bites you!
* * * LOW HITPOINT WARNING * * *
The iguana bites you!
You die...

#.# .
#.# .
#.###
#.#.##
#..#.#
###.#
#.# #.#
#@# #l#
#.# ...
...
.....
.....
##...##


You could see an iguana.

Vanquished Creatures
  Sigmund (D:3)
  An ogre (D:4)
  2 orc priests (D:3)
  A worker ant (D:3)
  3 gnolls (D:2)
  An adder (D:3)
  2 oozes (D:1)
  2 dart slugs
  2 orcs (D:3)
  A ball python (D:4)
  2 giant cockroaches
  2 goblins
  7 hobgoblins
  4 kobolds
  A frilled lizard (D:1)
  6 rats
38 creatures vanquished.

Notes
Turn   | Place    | Note
-------+----------+-------------------------------------------
     0 | D:1      | Lanoc the Troll Gladiator began the quest for the Orb.
     0 | D:1      | Reached XP level 1. HP: 19/19 MP: 0/0
   131 | D:1      | Reached XP level 2. HP: 24/28 MP: 1/1
   313 | D:2      | Reached skill level 3 in Dodging
   331 | D:2      | Reached XP level 3. HP: 31/35 MP: 2/2
   640 | D:3      | Reached XP level 4. HP: 34/44 MP: 3/3
   731 | D:3      | Reached XP level 5. HP: 14/50 MP: 4/4
   826 | D:3      | Found a sacrificial altar of Ru.
   826 | D:3      | Noticed Sigmund
   838 | D:3      | Killed Sigmund
   838 | D:3      | Reached skill level 4 in Dodging
   838 | D:3      | Reached skill level 1 in Stealth
   838 | D:3      | Reached XP level 6. HP: 55/61 MP: 5/5
  1215 | D:3      | Found a stormy altar of Qazlal.
  1228 | D:3      | Became a worshipper of Qazlal Stormbringer
  1775 | D:4      | Found an iron altar of Okawaru.
  1821 | D:4      | HP: 1/61 [iguana (10)]
  1821 | D:4      | Mangled by an iguana

Skill      XL: |  1  2  3  4  5 |
---------------+----------------+-----
Throwing       | 2 |  2.0
Fighting       | 2 3 |  3.5
Dodging        | 3 4 |  4.6
Stealth        | 1 |  1.4
Axes           | |  2.4

Action                   |  1- 3 |  4- 6 || total
-------------------------+-------+-------++-------
Melee: War axe           |    57 |    61 ||   118
 Stab: Sleeping          |     4 |     1 ||     5
  Eat: Chunk             |    11 |     7 ||    18
Armor: Robe              |    16 |    14 ||    30
Dodge: Dodged            |    32 |    38 ||    70
